| TOP OF THE 1ST |
|
Bowling Green Hot Rods batting - Pitching for Delmarva Shorebirds : RHP Mike Brubaker
|
|
Pitching: RHP Mike Brubaker
|
|
|
Batting: RHB Jonathan Fraire
|
0-0: Called Strike 0-1: Ball 1-1: Ball 2-1: Foul Ball, location: 2F 2-2: Strikes out looking
|
|
Batting: LHB Jake Rheaume
|
0-0: Foul Ball, location: 2F 0-1: Foul Ball, location: 2F 0-2: Foul Ball, location: 2F 0-2: Fly out, F8 (Flyball, 8LD, EV 103.1 MPH)
|
|
Batting: RHB Adam Kaeser
|
0-0: Called Strike 0-1: Called Strike 0-2: Strikes out looking
|
| Top of the 1st over - 0 runs, 0 hits, 0 errors, 0 left on base; Bowling Green 0 - Delmarva 0 |
| BOTTOM OF THE 1ST |
|
Delmarva Shorebirds batting - Pitching for Bowling Green Hot Rods : RHP Cheng-ho Hsu
|
|
Pitching: RHP Cheng-ho Hsu
|
|
|
Batting: RHB Orlando Melchor
|
0-0: Ball 1-0: Ball 2-0: Ball 3-0: Base on Balls
|
|
Batting: RHB Michel Kamphuis
|
0-0: Ball 1-0: Foul Ball, location: 2F 1-1: Called Strike 1-2: Ball 2-2: Strikes out swinging
|
|
Batting: LHB Pat Shaddock
|
0-0: Grounds into double play, 4-6-3 (Groundball, 4S, EV 89.4 MPH)
|
| Bottom of the 1st over - 0 runs, 0 hits, 0 errors, 0 left on base; Bowling Green 0 - Delmarva 0 |
| TOP OF THE 2ND |
|
Bowling Green Hot Rods batting - Pitching for Delmarva Shorebirds : RHP Mike Brubaker
|
|
Batting: LHB Mario Ocana
|
0-0: Ball 1-0: Ball 2-0: SOLO HOME RUN (Flyball, 9LD, EV 90.0 MPH), Distance : 333 ft
|
|
Batting: RHB David Ward
|
0-0: Ball 1-0: Ball 2-0: Called Strike 2-1: Swinging Strike 2-2: Fly out, F7 (Flyball, 7, EV 95.6 MPH)
|
|
Batting: SHB Julio Hernandez
|
0-0: Ball 1-0: Ball 2-0: SINGLE (Line Drive, 4MD, EV 94.4 MPH)
|
|
Batting: RHB Paul Landes
|
0-0: Called Strike 0-1: Ball 1-1: SINGLE (Flyball, 3D, EV 100.0 MPH) Julio Hernandez to second Runner from 2nd tries for 3rd, SAFE, no throw by RF
|
|
Batting: RHB Steve Byerly
|
0-0: Called Strike 0-1: Swinging Strike 0-2: Grounds into double play, 5-4-3 (Groundball, 56S, EV 82.5 MPH)
|
| Top of the 2nd over - 1 run, 3 hits, 0 errors, 1 left on base; Bowling Green 1 - Delmarva 0 |
| BOTTOM OF THE 2ND |
|
Delmarva Shorebirds batting - Pitching for Bowling Green Hot Rods : RHP Cheng-ho Hsu
|
|
Batting: RHB Chase Cassidy
|
0-0: Ball 1-0: Ball 2-0: Ball 3-0: Swinging Strike 3-1: Called Strike 3-2: Foul Ball, location: 2F 3-2: Fly out, F7 (Flyball, 7LM, EV 93.8 MPH)
|
|
Batting: LHB Jose Bethancourt
|
0-0: Called Strike 0-1: Ball 1-1: Ball 2-1: Called Strike 2-2: Foul Ball, location: 2F 2-2: Foul Ball, location: 2F 2-2: Ball 3-2: Foul Ball, location: 2F 3-2: Base on Balls
|
|
Batting: RHB Kiyuu del Castillo
|
0-0: Called Strike 0-1: Hit by Pitch Jose Bethancourt to second
|
|
Batting: LHB Momoru Yasui
|
0-0: Ball 1-0: Grounds into double play, 4-6-3 (Groundball, 4, EV 101.3 MPH)
|
| Bottom of the 2nd over - 0 runs, 0 hits, 0 errors, 1 left on base; Bowling Green 1 - Delmarva 0 |
| TOP OF THE 3RD |
|
Bowling Green Hot Rods batting - Pitching for Delmarva Shorebirds : RHP Mike Brubaker
|
|
Batting: RHB Kevin Benfield
|
0-0: Called Strike 0-1: Ground out 4-3 (Groundball, 4M, EV 80.0 MPH)
|
|
Batting: RHB Jonathan Fraire
|
0-0: Ball 1-0: Ground out 6-3 (Groundball, 56, EV 84.4 MPH)
|
|
Batting: LHB Jake Rheaume
|
0-0: Ball 1-0: Ball 2-0: Ball 3-0: Base on Balls
|
|
Batting: RHB Adam Kaeser
|
0-0: Ball 1-0: Called Strike 1-1: Ball Jake Rheaume steals 2nd base 2-1: Called Strike 2-2: Ball 3-2: Strikes out swinging
|
| Top of the 3rd over - 0 runs, 0 hits, 0 errors, 1 left on base; Bowling Green 1 - Delmarva 0 |
| BOTTOM OF THE 3RD |
|
Delmarva Shorebirds batting - Pitching for Bowling Green Hot Rods : RHP Cheng-ho Hsu
|
|
Batting: RHB Longfellow Wetzler
|
0-0: Ball 1-0: Ball 2-0: Swinging Strike 2-1: Foul Ball, location: 2F 2-2: Foul Ball, location: 2F 2-2: Foul Ball, location: 2F 2-2: Ball 3-2: Strikes out swinging
|
|
Batting: SHB Eric Tiehen
|
0-0: Ball 1-0: Ball 2-0: Called Strike 2-1: Ball 3-1: SOLO HOME RUN (Flyball, 78XD, EV 100.0 MPH), Distance : 404 ft
|
|
Batting: RHB Orlando Melchor
|
0-0: Called Strike 0-1: Foul Ball, location: 2F 0-2: SOLO HOME RUN (Line Drive, 7LD, EV 92.5 MPH), Distance : 340 ft
|
|
Batting: RHB Michel Kamphuis
|
0-0: Ball 1-0: Called Strike 1-1: Swinging Strike 1-2: Strikes out looking
|
|
Batting: LHB Pat Shaddock
|
0-0: Ball 1-0: Fly out, F8 (Flyball, 78D, EV 96.9 MPH)
|
| Bottom of the 3rd over - 2 runs, 2 hits, 0 errors, 0 left on base; Bowling Green 1 - Delmarva 2 |
| TOP OF THE 4TH |
|
Bowling Green Hot Rods batting - Pitching for Delmarva Shorebirds : RHP Mike Brubaker
|
|
Batting: LHB Mario Ocana
|
0-0: Ball 1-0: Called Strike 1-1: Fly out, F7 (Flyball, 78M, EV 80.6 MPH)
|
|
Batting: RHB David Ward
|
0-0: Ball 1-0: Ground out 1-3 (Groundball, P, EV 70.6 MPH)
|
|
Batting: SHB Julio Hernandez
|
0-0: Ball 1-0: Foul Ball, location: 2F 1-1: Swinging Strike 1-2: Ball 2-2: Foul Ball, location: 2F 2-2: Ball 3-2: Foul Ball, location: 2F 3-2: Foul Ball, location: 2F 3-2: Strikes out swinging
|
| Top of the 4th over - 0 runs, 0 hits, 0 errors, 0 left on base; Bowling Green 1 - Delmarva 2 |
| BOTTOM OF THE 4TH |
|
Delmarva Shorebirds batting - Pitching for Bowling Green Hot Rods : RHP Cheng-ho Hsu
|
|
Batting: RHB Chase Cassidy
|
0-0: Ball 1-0: Fly out, F7 (Flyball, 7S, EV 86.3 MPH)
|
|
Batting: LHB Jose Bethancourt
|
0-0: Called Strike 0-1: Ball 1-1: Ball 2-1: Ball 3-1: Base on Balls
|
|
Batting: RHB Kiyuu del Castillo
|
0-0: Fly out, F7 (Line Drive, 7, EV 95.0 MPH)
|
|
Batting: LHB Momoru Yasui
|
0-0: Ball 1-0: Swinging Strike 1-1: Called Strike 1-2: Strikes out swinging
|
| Bottom of the 4th over - 0 runs, 0 hits, 0 errors, 1 left on base; Bowling Green 1 - Delmarva 2 |
| TOP OF THE 5TH |
|
Bowling Green Hot Rods batting - Pitching for Delmarva Shorebirds : RHP Mike Brubaker
|
|
Batting: RHB Paul Landes
|
0-0: Ball 1-0: Called Strike 1-1: Ball 2-1: Called Strike 2-2: Strikes out swinging
|
|
Batting: RHB Steve Byerly
|
0-0: Fly out, F2 (Popup, 23F, EV 86.3 MPH)
|
|
Batting: RHB Kevin Benfield
|
0-0: Called Strike 0-1: Ball 1-1: Called Strike 1-2: Strikes out swinging
|
| Top of the 5th over - 0 runs, 0 hits, 0 errors, 0 left on base; Bowling Green 1 - Delmarva 2 |
| BOTTOM OF THE 5TH |
|
Delmarva Shorebirds batting - Pitching for Bowling Green Hot Rods : RHP Cheng-ho Hsu
|
|
Batting: RHB Longfellow Wetzler
|
0-0: Ball 1-0: Ball 2-0: Called Strike 2-1: Ball 3-1: Base on Balls
|
|
Batting: SHB Eric Tiehen
|
0-0: Ball 1-0: Ball 2-0: Ball 3-0: Base on Balls Longfellow Wetzler to second
|
|
Batting: RHB Orlando Melchor
|
0-0: Called Strike 0-1: Ball 1-1: Ball 2-1: Ball 3-1: Foul Ball, location: 2F 3-2: Fielders Choice at 2nd, 1-4 (Groundball, 15S, EV 74.4 MPH) Longfellow Wetzler to third
|
|
Batting: RHB Michel Kamphuis
|
0-0: Ball 1-0: Ball 2-0: Ball 3-0: Base on Balls Orlando Melchor to second
|
|
Batting: LHB Pat Shaddock
|
0-0: Called Strike 0-1: Ball 1-1: Fly out, F8 (Flyball, 8RD, EV 84.4 MPH) Runner from 3rd tags up, OUT at HOME! 8-2
|
| Bottom of the 5th over - 0 runs, 0 hits, 0 errors, 2 left on base; Bowling Green 1 - Delmarva 2 |
| TOP OF THE 6TH |
|
Bowling Green Hot Rods batting - Pitching for Delmarva Shorebirds : RHP Mike Brubaker
|
|
Batting: RHB Jonathan Fraire
|
0-0: Foul Ball, location: 2F 0-1: Ball 1-1: Ball 2-1: Foul Ball, location: 2F 2-2: Strikes out swinging
|
|
Batting: LHB Jake Rheaume
|
0-0: Ball 1-0: Ball 2-0: Called Strike 2-1: Ball 3-1: Swinging Strike 3-2: Strikes out looking
|
|
Batting: RHB Adam Kaeser
|
0-0: Foul Ball, location: 2F 0-1: Ball 1-1: Foul Ball, location: 2F 1-2: Ground out 4-3 (Groundball, 4M, EV 108.1 MPH)
|
| Top of the 6th over - 0 runs, 0 hits, 0 errors, 0 left on base; Bowling Green 1 - Delmarva 2 |
| BOTTOM OF THE 6TH |
|
Delmarva Shorebirds batting - Pitching for Bowling Green Hot Rods : RHP Cheng-ho Hsu
|
|
Batting: RHB Chase Cassidy
|
0-0: Ball 1-0: Ground out 4-3 (Groundball, 4, EV 90.0 MPH)
|
|
Batting: LHB Jose Bethancourt
|
0-0: Called Strike 0-1: Ball 1-1: Foul Ball, location: 2F 1-2: Ball 2-2: Strikes out swinging
|
|
Batting: RHB Kiyuu del Castillo
|
0-0: Ground out 6-3 (Groundball, 6, EV 80.0 MPH)
|
| Bottom of the 6th over - 0 runs, 0 hits, 0 errors, 0 left on base; Bowling Green 1 - Delmarva 2 |
| TOP OF THE 7TH |
|
Bowling Green Hot Rods batting - Pitching for Delmarva Shorebirds : RHP Mike Brubaker
|
|
Pitching: LHP Justin Hinton
|
|
|
Batting: LHB Mario Ocana
|
0-0: Called Strike 0-1: Fly out, F8 (Flyball, 78D, EV 106.3 MPH)
|
|
Batting: RHB David Ward
|
0-0: DOUBLE (Line Drive, 5D, EV 97.5 MPH)
|
|
Batting: SHB Julio Hernandez
|
0-0: Called Strike 0-1: Ball 1-1: SINGLE (Groundball, 5S, EV 70.0 MPH) (infield hit) David Ward to third
|
|
Batting: RHB Paul Landes
|
0-0: Called Strike 0-1: Ball 1-1: Ball 2-1: Swinging Strike 2-2: Ball 3-2: Base on Balls Julio Hernandez to second
|
|
Batting: RHB Steve Byerly
|
0-0: DOUBLE (Line Drive, 9LM, EV 100.0 MPH) David Ward scores Julio Hernandez scores Paul Landes to third
|
|
Batting: RHB Kevin Benfield
|
0-0: SINGLE (Groundball, 34, EV 99.4 MPH) Paul Landes scores Steve Byerly to third
|
|
Pitching: RHP Nick Hoag
|
|
|
Batting: RHB Jonathan Fraire
|
0-0: Ball 1-0: Called Strike 1-1: Ball 2-1: Ball 3-1: Fly out, F9 (Line Drive, 9D, EV 95.0 MPH) Runner from 3rd tags up, SCORES, no throw by RF
|
|
Batting: LHB Jake Rheaume
|
0-0: Ball 1-0: Ball 2-0: Foul Ball, location: 2F 2-1: Ball 3-1: Foul Ball, location: 2F 3-2: DOUBLE (Flyball, 89D, EV 104.4 MPH) Kevin Benfield to third Kevin Benfield scores
|
|
Batting: RHB Adam Kaeser
|
0-0: Ball 1-0: Foul Ball, location: 2F 1-1: Foul Ball, location: 2F 1-2: Fly out, F4 (Popup, 23, EV 80.0 MPH)
|
| Top of the 7th over - 5 runs, 5 hits, 0 errors, 1 left on base; Bowling Green 6 - Delmarva 2 |
| BOTTOM OF THE 7TH |
|
Delmarva Shorebirds batting - Pitching for Bowling Green Hot Rods : RHP Cheng-ho Hsu
|
|
Batting: LHB Momoru Yasui
|
0-0: Called Strike 0-1: Ball 1-1: Foul Ball, location: 2F 1-2: Foul Ball, location: 2F 1-2: Ball 2-2: Foul Ball, location: 2F 2-2: Ball 3-2: Foul Ball, location: 2F 3-2: Foul Ball, location: 2F 3-2: Base on Balls
|
|
Pitching: LHP Chris Polite
|
|
|
Batting: RHB Longfellow Wetzler
|
0-0: Called Strike 0-1: Sac Bunt to 5S - play at first, batter OUT! 5-3 Momoru Yasui to second
|
|
Batting: SHB Eric Tiehen
|
0-0: Foul Ball, location: 2F 0-1: Ball 1-1: Ball 2-1: Foul Ball, location: 2F 2-2: DOUBLE (Groundball, 5L, EV 95.0 MPH) Momoru Yasui scores
|
|
Batting: RHB Orlando Melchor
|
0-0: Ball 1-0: Ground out 4-3 (Groundball, 4, EV 89.4 MPH) Eric Tiehen to third
|
|
Batting: RHB Michel Kamphuis
|
0-0: Called Strike 0-1: Ball Passed Ball! Eric Tiehen scores 1-1: Ball 2-1: Ball 3-1: Called Strike 3-2: Base on Balls
|
|
Batting: LHB Pat Shaddock
|
|
|
Pinch Hitting: RHB Willie Manrique
|
0-0: Called Strike 0-1: Called Strike 0-2: Ball 1-2: Ball Michel Kamphuis steals 2nd base 2-2: Ball 3-2: Foul Ball, location: 2F 3-2: Foul Ball, location: 2F 3-2: Foul Ball, location: 2F 3-2: SINGLE (Line Drive, 56, EV 102.5 MPH) Michel Kamphuis to third
|
|
Batting: RHB Chase Cassidy
|
0-0: Called Strike 0-1: Foul Ball, location: 2F 0-2: Ball 1-2: Ball 2-2: Foul Ball, location: 2F 2-2: Foul Ball, location: 2F 2-2: Foul Ball, location: 2F 2-2: Foul Ball, location: 2F 2-2: Strikes out swinging
|
| Bottom of the 7th over - 2 runs, 2 hits, 0 errors, 2 left on base; Bowling Green 6 - Delmarva 4 |
| TOP OF THE 8TH |
|
Bowling Green Hot Rods batting - Pitching for Delmarva Shorebirds : RHP Nick Hoag
|
|
Pitching: LHP Eric Bice
|
|
|
Now at 1B: Willie Manrique
|
|
|
Batting: LHB Mario Ocana
|
0-0: Ball 1-0: Called Strike 1-1: Ball 2-1: Swinging Strike 2-2: DOUBLE (Line Drive, 5D, EV 98.8 MPH)
|
|
Batting: RHB David Ward
|
0-0: Intentional Walk
|
|
Batting: SHB Julio Hernandez
|
0-0: Called Strike 0-1: Ball 1-1: Fielders Choice at 2nd, 5-4 (Groundball, 56, EV 80.6 MPH) Mario Ocana to third
|
|
Batting: RHB Paul Landes
|
0-0: Called Strike 0-1: Ball Wild Pitch! Mario Ocana scores Julio Hernandez to second 1-1: Ball 2-1: Ball 3-1: Swinging Strike 3-2: Fly out, F8 (Line Drive, 8RD, EV 91.9 MPH)
|
|
Batting: RHB Steve Byerly
|
0-0: Foul Ball, location: 2F 0-1: Ball 1-1: Swinging Strike 1-2: Ball 2-2: Ball 3-2: Foul Ball, location: 2F 3-2: SINGLE (Groundball, 15S, EV 70.6 MPH) (infield hit) Julio Hernandez to third
|
|
Batting: RHB Kevin Benfield
|
0-0: Ball 1-0: Called Strike 1-1: Ball 2-1: Swinging Strike 2-2: Foul Ball, location: 2F 2-2: Strikes out looking
|
| Top of the 8th over - 1 run, 2 hits, 0 errors, 2 left on base; Bowling Green 7 - Delmarva 4 |
| BOTTOM OF THE 8TH |
|
Delmarva Shorebirds batting - Pitching for Bowling Green Hot Rods : LHP Chris Polite
|
|
Pitching: LHP Brian Kelly
|
|
|
Batting: LHB Jose Bethancourt
|
0-0: Called Strike 0-1: Called Strike 0-2: SOLO HOME RUN (Flyball, 9D, EV 95.6 MPH), Distance : 364 ft
|
|
Batting: RHB Kiyuu del Castillo
|
0-0: Called Strike 0-1: Ball 1-1: Swinging Strike 1-2: Ball 2-2: Foul Ball, location: 2F 2-2: Foul Ball, location: 2F 2-2: Foul Ball, location: 2F 2-2: Foul Ball, location: 2F 2-2: Strikes out swinging
|
|
Batting: LHB Momoru Yasui
|
0-0: Ball 1-0: Ball 2-0: Called Strike 2-1: Ball 3-1: Called Strike 3-2: Foul Ball, location: 2F 3-2: Foul Ball, location: 2F 3-2: Base on Balls
|
|
Batting: RHB Longfellow Wetzler
|
0-0: Foul Ball, location: 2F 0-1: Fielders Choice at 2nd, 6-4 (Groundball, 6S, EV 82.5 MPH)
|
|
Batting: SHB Eric Tiehen
|
0-0: Ball 1-0: Called Strike 1-1: Ball 2-1: Ball 3-1: Base on Balls Longfellow Wetzler to second
|
|
Batting: RHB Orlando Melchor
|
0-0: Called Strike 0-1: Foul Ball, location: 2F 0-2: Strikes out swinging
|
| Bottom of the 8th over - 1 run, 1 hit, 0 errors, 2 left on base; Bowling Green 7 - Delmarva 5 |
| TOP OF THE 9TH |
|
Bowling Green Hot Rods batting - Pitching for Delmarva Shorebirds : LHP Eric Bice
|
|
Pitching: LHP John Dyer
|
|
|
Batting: RHB Jonathan Fraire
|
0-0: Ball 1-0: Ball 2-0: Foul Ball, location: 2F 2-1: Fly out, F7 (Flyball, 7LM, EV 98.8 MPH)
|
|
Batting: LHB Jake Rheaume
|
0-0: Ball 1-0: Foul Ball, location: 2F 1-1: Foul Ball, location: 2F 1-2: Ball 2-2: Ball 3-2: SINGLE (Groundball, 6S, EV 71.9 MPH) (infield hit)
|
|
Batting: RHB Adam Kaeser
|
0-0: Ball 1-0: Swinging Strike Pickoff Throw by Catcher to First - Error! E2 Jake Rheaume to second 1-1: Intentional Walk
|
|
Batting: LHB Mario Ocana
|
0-0: Ball 1-0: Ball 2-0: Called Strike 2-1: Called Strike 2-2: Foul Ball, location: 2F 2-2: Fly out, F9 (Flyball, 89S, EV 87.5 MPH)
|
|
Batting: RHB David Ward
|
0-0: Called Strike 0-1: Swinging Strike 0-2: Ball 1-2: Ground out U3 (Groundball, 34S, EV 80.6 MPH)
|
| Top of the 9th over - 0 runs, 1 hit, 1 error, 2 left on base; Bowling Green 7 - Delmarva 5 |
| BOTTOM OF THE 9TH |
|
Delmarva Shorebirds batting - Pitching for Bowling Green Hot Rods : LHP Brian Kelly
|
|
Pitching: RHP Al Speer
|
|
|
Now at SS: Eric Waugaman
|
|
|
Batting: RHB Michel Kamphuis
|
0-0: Called Strike 0-1: Ground out 4-3 (Groundball, 34, EV 100.0 MPH)
|
|
Batting: RHB Willie Manrique
|
0-0: Fly out, F9 (Line Drive, 89M, EV 93.1 MPH)
|
|
Batting: RHB Chase Cassidy
|
0-0: Ball 1-0: Ball 2-0: Foul Ball, location: 2F 2-1: Foul Ball, location: 2F 2-2: Hit by Pitch
|
|
Batting: LHB Jose Bethancourt
|
0-0: Ball 1-0: Called Strike 1-1: Ball 2-1: Ball 3-1: Foul Ball, location: 2F 3-2: Base on Balls Chase Cassidy to second
|
|
Batting: RHB Kiyuu del Castillo
|
0-0: Called Strike 0-1: Foul Ball, location: 2F 0-2: Ball 1-2: Ground out 5-3 (Groundball, 56S, EV 80.6 MPH)
|
| Bottom of the 9th over - 0 runs, 0 hits, 0 errors, 2 left on base; Bowling Green 7 - Delmarva 5 |
|